Map: King Sejong Station LE

Players

Fropez - Winner!

  • Race: Protoss Protoss
  • League: Gold
  • Spawn Location: 5:00

IronBeetle

  • Race: Terran Terran
  • League: Silver
  • Spawn Location: 11:00

VOD

Have the link to the VOD?

Description

Time

  • Played on: Nov. 10, 2016, 4:16 p.m.
  • Length: 16:48
Show
View Real Time Build Order
Export as new Build Order

Fropez Protoss - Winner!

Build Orders:  

Get SALT Encoding   

  12  0:01  Probe (Chrono Boost)  
  13  0:12  Probe (Chrono Boost)  
  14  0:25  Pylon, Probe (Chrono Boost)  
  15  0:43  Probe (Chrono Boost)  
  15  0:47  Gateway  
  16  0:53  Probe (Chrono Boost)  
  16  0:56  Assimilator  
  18  1:04  Probe (Chrono Boost)  
  18  1:10  Gateway  
  18  1:14  Probe (Chrono Boost)  
  19  1:25  Probe (Chrono Boost)  
  20  1:29  Assimilator  
  20  1:36  Probe (Chrono Boost)  
  20  1:37  Cybernetics Core  
  21  1:47  Probe (Chrono Boost)  
  21  1:49  Pylon  
  21  1:57  Probe (Chrono Boost)  
  23  2:13  Mothership Core (Chrono Boost)  
  23  2:14  Warp Gate (Chrono Boost)  
  24  2:16  Adept  
  24  2:18  Adept  
  24  2:20  Gateway  
  28  2:42  Pylon  
  28  2:52  Probe  
  28  2:53  Twilight Council  
  29  3:10  Stalker x2  
  33  3:15  Stalker  
  35  3:39  Probe  
  36  3:43  Resonating Glaives (Chrono Boost)  
  36  3:44  Nexus  
  34  4:01  Robotics Facility  
  34  4:03  Probe  
  35  4:25  Pylon  
  35  4:30  Stalker x2  
  39  4:43  Probe  
  40  4:49  Observer (Chrono Boost)  
  41  4:55  Stalker x2  
  41  4:56  Stalker  
  41  4:57  Probe  
  41  4:58  Probe  
  49  5:16  Immortal (Chrono Boost)  
  53  5:24  Probe  
  53  5:25  Probe  
  55  5:34  Adept x2  
  59  5:42  Blink (Chrono Boost)  
  59  5:47  Forge  
  59  5:48  Probe x2  
  59  6:04  Observer (Chrono Boost)  
  60  6:11  Pylon  
  60  6:23  Stalker  
  62  6:26  Protoss Ground Weapons Level 1 (Chrono Boost)  
  62  6:33  Pylon  
  62  6:35  Probe x2  
  64  6:40  Gateway  
  64  6:41  Pylon  
  64  6:47  Probe  
  64  6:48  Probe, Assimilator  
  64  6:50  Pylon  
  64  6:54  Immortal  
  66  6:59  Probe  
  66  7:01  Probe  
  72  7:05  Stalker  
  68  7:23  Stalker x2  
  68  7:28  Warp Prism  
  72  7:31  Assimilator  
  74  7:39  Probe  
  74  7:40  Probe  
  74  7:42  Photon Cannon  
  76  7:45  Stalker  
  76  7:46  Stalker x2  
  76  7:49  Photon Cannon  
  82  7:51  Probe  
  83  8:15  Robotics Bay  
  83  8:20  Dark Shrine  
  72  9:07  Stalker x3  
  74  9:32  Gateway  
  74  9:35  Gateway  
  74  9:38  Gateway  
  74  9:40  Gateway  
  68  10:02  Sentry x3  
  68  10:07  Nexus  
  74  10:08  Pylon  
  74  10:21  Pylon  
  74  10:24  Probe x2  
  74  10:25  Pylon, Immortal  
  74  10:27  Photon Cannon  
  76  10:31  Protoss Ground Weapons Level 2 (Chrono Boost)  
  80  10:36  Probe x2  
  82  11:03  Adept x5, Dark Shrine  
  82  11:04  Adept x3  
  84  11:38  Adept x3  
  84  11:39  Adept x4  
  92  11:40  Adept  
  82  11:49  Probe  
  82  11:50  Probe x2  
  85  11:57  Pylon  
  85  11:59  Immortal  
  85  12:00  Probe  
  85  12:02  Photon Cannon  
  85  12:04  Pylon  
  90  12:08  Stalker  
  90  12:10  Stalker  
  94  12:26  Probe x2  
  94  12:29  Assimilator  
  96  12:32  Photon Cannon  
  96  12:34  Assimilator  
  96  12:36  Observer  
  95  12:49  Protoss Ground Weapons Level 3 (Chrono Boost)  
  95  13:00  Warp Prism  
  80  13:30  Probe x2  
  80  13:31  Immortal  
  82  13:40  Templar Archives  
  85  14:05  Gravitic Drive (Chrono Boost)  
  85  14:19  High Templar x6  
  85  14:20  High Templar x2  
  85  14:23  Archon x3  
  85  14:24  Archon  
  101  14:37  Gateway  
  101  14:38  Probe x3  
  101  14:42  Pylon  
  101  14:45  Photon Cannon  
  104  15:08  Nexus  
  104  15:11  Pylon  
  104  15:15  Pylon  
  104  15:18  Assimilator  
  104  15:21  Assimilator  
  104  15:29  Pylon  
  104  15:33  Dark Templar x2  
  104  15:34  Dark Templar x2  
  110  16:07  High Templar x4  
  110  16:08  High Templar x5  
  110  16:11  Archon x3  
  128  16:12  Archon  
  128  16:19  Probe  
  128  16:20  Probe  
  128  16:21  Probe x2  
  132  16:27  Photon Cannon  
  132  16:35  Photon Cannon  
  132  16:37  Photon Cannon  
  132  16:39  Photon Cannon  
  132  16:42  Photon Cannon  
  132  16:44  Photon Cannon  
Show
View Real Time Build Order
Export as new Build Order

IronBeetle Terran 

Build Orders:  

Get SALT Encoding   

  12  0:16  Supply Depot  
  12  0:18  Refinery  
  12  0:21  SCV  
  13  0:40  Barracks  
  13  0:42  SCV  
  14  0:54  SCV  
  15  1:02  Supply Depot  
  15  1:09  Refinery  
  15  1:11  SCV  
  16  1:39  Factory  
  16  1:43  Reaper  
  17  1:55  Orbital Command  
  17  2:12  Engineering Bay  
  17  2:16  Marine  
  18  2:24  Factory Tech Lab  
  18  2:30  SCV  
  19  2:39  Supply Depot  
  19  2:41  Marine  
  20  2:52  Siege Tank  
  22  3:18  Marine  
  23  3:30  Missile Turret  
  23  3:58  Starport  
  23  3:59  SCV, Starport  
  24  4:07  Widow Mine, Barracks Tech Lab  
  26  4:15  SCV  
  27  4:22  Supply Depot  
  27  4:29  Marine  
  27  4:30  Barracks  
  28  4:35  Starport Tech Lab  
  28  4:37  Starport Tech Lab  
  28  4:54  Banshee  
  28  4:56  Banshee  
  34  5:03  Cloaking Field  
  34  5:05  Marine  
  35  5:32  Widow Mine  
  37  5:37  Banshee  
  37  5:39  Banshee  
  43  6:41  Sensor Tower  
  43  6:45  Siege Tank  
  46  7:39  Barracks Reactor  
  46  7:47  Medivac x2  
  50  7:52  Supply Depot  
  50  7:54  Supply Depot  
  50  7:55  Missile Turret  
  50  8:01  Missile Turret  
  50  8:04  Missile Turret  
  50  8:08  Missile Turret  
  44  9:26  Marine x2, Marauder  
  48  9:34  Stimpack  
  48  9:44  Marine x2  
  50  9:47  Marauder  
  47  10:02  Marine x2  
  49  10:09  Marauder  
  49  10:12  Siege Tank  
  54  10:14  Supply Depot  
  54  11:01  Bunker  
  54  11:02  Siege Tank  
  50  11:26  Viking x2  
  54  11:35  Combat Shields  
  53  12:48  Marine  
  53  12:49  Marine x2  
  56  12:54  Concussive Shells  
  56  13:06  Marine x2  
  56  13:07  Marine  
  57  13:33  Supply Depot  
  57  13:34  Marine x3  
  60  13:52  Marine x3  
  63  14:06  Supply Depot  
  63  14:09  Marine  
  64  14:29  Armory  
  64  14:48  Marine x2, Marauder  
  68  15:02  Missile Turret  
  68  15:06  Marine x2  
  70  15:09  Marauder  
  72  15:24  Marine x2  
  74  15:31  Marauder  
  76  15:42  Marine x2  
  78  15:54  Orbital Command  
Tags
 
Add a new tag
Caveats
  • Supply blocks, unpowered buildings, or Contaminate may cause inaccurate times.
  • Supply counts are checked every 10 seconds.